 Dungeon Crawl Stone Soup version 0.28.0-53-g5a82cb258f (webtiles) character file.

Game seed: 16406179057110170072

1011 unlimited1921 the Magician (level 8, -1/53 HPs)
             Began as a Demonspawn Fire Elementalist on Aug 12, 2022.
             Slain by Duvessa
             ... wielding a +0 short sword
              (11 damage)
             ... on level 5 of the Dungeon.
             The game lasted 00:21:37 (7374 turns).

unlimited1921 the Magician (DsFE)                   Turns: 7374, Time: 00:21:38

Health: -1/53      AC: 11    Str:  8    XL:     8   Next: 1%
Magic:  5/17       EV: 12    Int: 18    God:
Gold:   188        SH:  0    Dex: 15    Spells: 10/19 levels left

rFire   . . .      SeeInvis .   y - +4 flail
rCold   . . .      Faith    .   (no shield)
rNeg    . . .      Spirit   .   (no armour)
rPois   .          Reflect  .   b - +1 hat
rElec   .          Harm     .   s - +0 cloak
rCorr   .          Rampage  .   (no gloves)
Will    .....                   (no boots)
Stlth   ++........              B - amulet of magic regeneration
HPRegen 0.17/turn               (no ring)
MPRegen 0.55/turn               (no ring)

@: sanguine armoured
A: ignite blood 1, sanguine armour 2, demonic touch 1
a: no special abilities


You were on level 5 of the Dungeon.
You visited 1 branch of the dungeon, and saw 5 of its levels.

You collected 188 gold pieces.

Inventory:

Hand Weapons
 d - a +0 mace
 f - a +0 spear
 g - a +0 short sword
 i - a +0 hand axe
 v - a +0 hunting sling
 y - a +4 flail (weapon)
 F - a +3 war axe
Missiles
 h - 77 stones
 o - 4 atropa-tipped darts
 q - 6 poisoned darts
 t - 64 bolts
 u - 29 sling bullets
 K - 4 curare-tipped darts
Armour
 a - a +0 robe
 b - a +1 hat (worn)
 c - a +0 helmet
 e - a +0 scale mail
 j - a +0 ring mail
 p - a +0 chain mail
 s - a +0 cloak (worn)
 C - a +0 leather armour
Magical Staves
 D - a staff of poison
Jewellery
 B - an amulet of magic regeneration (around neck)
 E - an amulet of regeneration
Scrolls
 k - a scroll of acquirement {unknown}
 m - a scroll of vulnerability {unknown}
 z - a scroll of magic mapping {unknown}
 G - a scroll of enchant weapon {unknown}
 J - a scroll of torment {unknown}
Potions
 l - a potion of invisibility {unknown}
 n - 2 potions of brilliance {unknown}
 r - a potion of haste {unknown}
 w - a potion of might {unknown}
 x - 2 potions of lignification {unknown}
 A - a potion of degeneration {unknown}
 H - 3 potions of berserk rage {unknown}
 I - a potion of mutation {unknown}


   Skills:
 + Level 0.3 Fighting
 + Level 0.3(0.4) Axes
 + Level 0.2(0.3) Maces & Flails
 + Level 2.0 Dodging
 + Level 2.5 Stealth
 * Level 6.2 Spellcasting
 + Level 3.4 Conjurations
 + Level 1.2 Hexes
 + Level 5.1 Fire Magic


You had 10 spell levels left.
You knew the following spells:

 Your Spells              Type           Power      Damage    Failure   Level
a - Foxfire               Conj/Fire      80%        2x1d8     1%          1
b - Scorch                Fire           46%        2d7       2%          2
c - Summon Guardian Gole  Hex/Summ       7%         N/A       26%         3
d - Inner Flame           Hex/Fire       17%        N/A       10%         3

Your spell library contained the following spells:

 Spells                   Type           Power      Damage    Failure   Level
 Conjure Flame            Conj/Fire      20%        6-21      6%          3
 Static Discharge         Conj/Air       11%        N/A       9%          2
 Summon Small Mammal      Summ           20%        N/A       12%         1
 Flame Wave               Conj/Fire      20%        2d7       21%         4
 Sticky Flame             Conj/Fire      20%        2d4       21%         4
 Call Canine Familiar     Summ           5%         N/A       34%         3
 Dispel Undead            Necr           5%         3d7       75%         4


Dungeon Overview and Level Annotations

Branches:
Dungeon (5/15)
 Temple: D:4-7

Altars:
Elyvilon

Annotations:
D:5 Duvessa


Innate Abilities, Weirdness & Mutations

Your demonic aura sometimes causes spilled blood to erupt in flames.
When seriously injured, your blood forms thick armour. (AC +9)
Your touch may inflict minor irresistible damage on your foes.


Message History

Flames lash Duvessa.
Duvessa is heavily wounded.
Duvessa's fire resistance burns away.
The foxfire hits Duvessa but does no damage.
Duvessa is heavily wounded.
The foxfire hits Duvessa but does no damage.
Duvessa is heavily wounded.
Duvessa hits you with a +0 short sword!
Casting: Scorch (safe; 2% risk of failure)
Confirm with . or Enter, or press ? or * to list all spells.
Flames lash Duvessa.
Duvessa is burned terribly!
Duvessa is severely wounded.
Duvessa hits you with a +0 short sword!
Your blood congeals into armour.
Duvessa hits you with a +0 short sword.
Casting: Scorch (safe; 2% risk of failure)
Confirm with . or Enter, or press ? or * to list all spells.
Flames lash Duvessa.
Duvessa is burned terribly!
Duvessa is severely wounded.
Duvessa barely misses you.
Casting: Scorch (safe; 2% risk of failure)
Confirm with . or Enter, or press ? or * to list all spells.
You conjure some foxfire!
Duvessa hits you with a +0 short sword. Duvessa misses you.
Your foxfire dissipates!
The foxfire hits Duvessa.
Duvessa is severely wounded.
Duvessa rages.
Casting: Foxfire (safe; 1% risk of failure)
Confirm with . or Enter, or press ? or * to list all spells.
You conjure some foxfire!
Duvessa misses you. Duvessa hits you with a +0 short sword!
* * * LOW HITPOINT WARNING * * *
The foxfire hits Duvessa but does no damage.
Duvessa is severely wounded.
The foxfire hits Duvessa!
Duvessa is burned terribly!
Duvessa is almost dead.
Casting: Foxfire (safe; 1% risk of failure)
Confirm with . or Enter, or press ? or * to list all spells.
You conjure some foxfire!
Duvessa hits you with a +0 short sword!
You die...

########.## #.#
#............#######.#####
..........................
≈≈≈.≈≈≈≈≈.≈≈≈≈≈.≈≈≈≈≈....
#≈.≈###≈.≈###≈.≈###≈....
#≈.≈ #≈.≈# #≈.≈# #≈....
###≈.≈###≈.≈###≈.≈###≈....
≈≈≈≈.≈≈≈≈≈v≈≈≈≈≈.≈≈≈≈≈..##
........e@..............#
≈≈≈≈.≈≈≈≈v.≈≈≈≈≈.≈≈≈≈≈..#
###≈)≈###≈.≈###≈.≈###≈..#
#≈.≈ #≈)≈# #≈.≈# #≈.## #≈.
#≈.≈# #≈.≈# #≈.# ≈≈≈.
≈≈.≈≈≈≈≈.≈≈ ≈≈.# ....
...............# ≈≈≈≈
≈≈.≈≈≈≈≈.≈≈≈≈≈.# ≈###≈..


You could see Duvessa (berserk, combustible, ally target).

Vanquished Creatures
  A sky beast (D:5)
  2 phantoms
  3 scorpions
  A water moccasin zombie (D:5)
  Dowan (D:5)
  A jelly (D:5)
  A bullfrog zombie (D:5)
  3 hounds
  2 orc priests (D:4)
  2 bullfrog skeletons (D:5)
  2 iguanas
  2 orc wizards (D:4)
  A hound skeleton (D:4)
  3 adders
  2 worms
  A dart slug (D:3)
  13 orcs
  8 endoplasms
  7 hobgoblins
  8 kobolds
  2 quokkas
  9 ball pythons
  5 bats
  2 frilled lizards (D:1)
  5 goblins
  7 rats
94 creatures vanquished.

Vanquished Creatures (others)
  364 foxfires
  4 plants (D:1)
368 creatures vanquished.

Grand Total: 462 creatures vanquished

Notes
Turn   | Place    | Note
-------+----------+-------------------------------------------
     0 | D:1      | unlimited1921 the Demonspawn Fire Elementalist began the
                  | quest for the Orb.
     0 | D:1      | Reached XP level 1. HP: 13/13 MP: 3/3
   626 | D:1      | Gained mutation: When seriously injured, your blood forms
                  | armour. (AC +9) [demonic ancestry]
   626 | D:1      | Reached XP level 2. HP: 19/19 MP: 3/5
  2332 | D:2      | Gained mutation: Your touch may inflict minor irresistible
                  | damage on your foes. [demonic ancestry]
  2332 | D:2      | Reached XP level 3. HP: 24/24 MP: 3/6
  3028 | D:2      | Found a faded altar of an unknown god.
  3582 | D:3      | Reached XP level 4. HP: 30/30 MP: 4/7
  4424 | D:4      | Noticed a scorpion
  4435 | D:4      | Killed a scorpion
  4436 | D:4      | Reached skill level 3 in Spellcasting
  4436 | D:4      | Gained mutation: When seriously injured, your blood forms
                  | thick armour. (AC +9) [demonic ancestry]
  4436 | D:4      | Reached XP level 5. HP: 31/35 MP: 5/9
  5097 | D:4      | Reached XP level 6. HP: 17/41 MP: 8/11
  5327 | D:4      | Learned a level 2 spell: Scorch
  5331 | D:4      | Learned a level 3 spell: Summon Guardian Golem
  5336 | D:4      | Learned a level 3 spell: Inner Flame
  5352 | D:4      | Reached skill level 4 in Spellcasting
  5894 | D:5      | Entered Level 5 of the Dungeon
  5945 | D:5      | Reached skill level 5 in Spellcasting
  5945 | D:5      | Gained mutation: Your demonic aura sometimes causes spilled
                  | blood to erupt in flames. [demonic ancestry]
  5945 | D:5      | Reached XP level 7. HP: 35/46 MP: 7/14
  6509 | D:5      | Reached skill level 1 in Hexes
  6753 | D:5      | Reached skill level 6 in Spellcasting
  6753 | D:5      | Reached skill level 5 in Fire Magic
  7352 | D:5      | Noticed Dowan
  7357 | D:5      | Noticed Duvessa
  7361 | D:5      | Killed Dowan
  7362 | D:5      | Reached XP level 8. HP: 53/53 MP: 12/17
  7374 | D:5      | Slain by Duvessa

Illustrated notes

Levels and vault maps discovered:
D:1:      dpeg_arrival_fog, layout_basic, serial_forest,
          infiniplex_forest_end_1, infiniplex_forest_side_room,
          infiniplex_forest_clump_tiny, infiniplex_forest_join,
          infiniplex_forest_end_1, infiniplex_forest_lined_room_2,
          infiniplex_forest_clump_large
D:2:      layout_basic, nicolae_ecumenical_snake_handling
D:3:      layout_rooms
D:4:      layout_cave_pools, kennysheep_nondescript, minmay_checkerbox
D:5:      layout_basic, mainiacjoe_overflow_chevrons, kennysheep_boxes,
          uniq_pikel, uniq_sigmund, uniq_duvessa

Skill      XL: |  1  2  3  4  5  6  7 |
---------------+----------------------+-----
Stealth        | 2 |  2.5
Fire Magic     | 3 4 5 |  5.1
Dodging        | 2 |  2.0
Spellcasting   | 3 5 6 |  6.2
Conjurations   | 2 3 |  3.4
Hexes          | 1 |  1.2
Fighting       | |  0.3
Axes           | |  0.3
Maces & Flails | |  0.2

Action                   |  1- 3 |  4- 6 |  7- 9 || total
-------------------------+-------+-------+-------++-------
Melee: Mace              |    21 |       |       ||    21
       Hand axe          |    20 |     1 |       ||    21
       Punch             |     2 |       |       ||     2
       Touch             |       |     1 |       ||     1
       Flail             |       |     1 |       ||     1
 Cast: Foxfire           |    62 |   101 |    56 ||   219
       Scorch            |       |    17 |    14 ||    31
       Inner Flame       |       |     2 |     6 ||     8
Armor: Robe              |     3 |       |       ||     3
       Skin              |       |       |     1 ||     1
Dodge: Dodged            |     6 |    13 |     9 ||    28
